[Event "VI Floripa Open 2020"]
[Site "Florianopolis"]
[Date "2020.01.21"]
[Round "3.46"]
[White "Madeu, Fernando Antonio de "]
[Black "Burgos, Marcelo Alves"]
[Result "0-1"]
[ECO "C06"]
[WhiteElo "1879"]
[BlackElo "2171"]
[Annotator "ChessBase"]
[PlyCount "70"]
[EventDate "2020.01.20"]
[EventType "swiss"]
[EventRounds "10"]
[EventCountry "BRA"]
[SourceTitle "playchess.com"]
[Source "ChessBase"]
[SourceQuality "1"]
[TimeControl "5400+30"]

1. e4 e6 2. d4 d5 3. Nd2 Nf6 4. e5 Nfd7 5. Bd3 c5 6. c3 Nc6 7. Ne2 cxd4 8. cxd4 f6 9. exf6 Nxf6 10. Nf3 Bd6 11. O-O Qc7 12. g3 O-O 13. Bf4 Ng4 14. Bxd6 Qxd6 15. Nc3 e5 16. dxe5 Qh6 17. h4 Ngxe5 18. Nxe5 Nxe5 19. Be2 Be6 20. Kg2 Rad8 21. Qd4 Nc6 22. Qe3 Qf6 23. Qg5 Qf7 24. Rad1 d4 25. Ne4 Bxa2 26. f3 Qf5 27. Qc1 Bd5 28. Bd3 Ne5 29. g4 Nxg4 30. Ng5 Ne3+ 31. Kg1 Qf4 32. Bxh7+ Kh8 33. Qd2 Qg3+ 34. Kh1 Nxf1 35. Rxf1 Bxf3+ 0-1

[Event "VI Floripa Open 2020"]
[Site "Florianopolis"]
[Date "2020.01.21"]
[Round "3.47"]
[White "Soares, Renan Barbosa Montei"]
[Black "Almeida Junior, Alvaro Alves de"]
[Result "0-1"]
[ECO "D85"]
[WhiteElo "1876"]
[BlackElo "2151"]
[Annotator "ChessBase"]
[PlyCount "70"]
[EventDate "2020.01.20"]
[EventType "swiss"]
[EventRounds "10"]
[EventCountry "BRA"]
[SourceTitle "playchess.com"]
[Source "ChessBase"]
[SourceQuality "1"]
[TimeControl "5400+30"]

1. d4 Nf6 2. c4 g6 3. Nc3 d5 4. cxd5 Nxd5 5. e4 Nxc3 6. bxc3 Bg7 7. Nf3 c5 8. Be3 O-O 9. Qd2 Qa5 10. Rb1 a6 11. Rc1 Rd8 12. Be2 Nc6 13. d5 Bg4 14. Ng5 Bxe2 15. Kxe2 Rd7 16. Rhd1 Rc8 17. f4 e6 18. c4 Nb4 19. Nxf7 Rxf7 20. dxe6 Rff8 21. e7 Rfe8 22. Qd6 Nxa2 23. f5 Nxc1+ 24. Bxc1 Qa2+ 25. Kf3 Qxc4 26. Bg5 gxf5 27. Qd5+ Qxd5 28. exd5 Rc7 29. d6 Rd7 30. Rd5 Kf7 31. Bf4 c4 32. Rxf5+ Ke6 33. Ke4 Rxd6 34. Bxd6 Kxd6 35. Rd5+ Kxe7 0-1

[Event "VI Floripa Open 2020"]
[Site "Florianopolis"]
[Date "2020.01.21"]
[Round "3.48"]
[White "Carstens Dobuchak, Thiago"]
[Black "Correa, Jose Augusto"]
[Result "1-0"]
[ECO "B27"]
[WhiteElo "2149"]
[BlackElo "1870"]
[Annotator "ChessBase"]
[PlyCount "39"]
[EventDate "2020.01.20"]
[EventType "swiss"]
[EventRounds "10"]
[EventCountry "BRA"]
[SourceTitle "playchess.com"]
[Source "ChessBase"]
[SourceQuality "1"]
[TimeControl "5400+30"]

1. e4 c5 2. Nf3 g6 3. d4 cxd4 4. Qxd4 Nf6 5. Nc3 Nc6 6. Qa4 Bg7 7. e5 Ng8 8. Bf4 f6 9. exf6 Nxf6 10. O-O-O Qb6 11. Bc4 Ng4 12. Rhe1 Rf8 13. Bb3 Qb4 14. Nd5 Qxa4 15. Nc7+ Kd8 16. Ne6+ Ke8 17. Nxg7+ Kd8 18. Ne6+ Ke8 19. Nc7+ Kd8 20. Bxa4 1-0

[Event "VI Floripa Open 2020"]
[Site "Florianopolis"]
[Date "2020.01.21"]
[Round "3.49"]
[White "Cabral, Denrick"]
[Black "De Oliveira, Victor Gabriel C."]
[Result "1/2-1/2"]
[ECO "B26"]
[WhiteElo "1866"]
[BlackElo "2146"]
[Annotator "ChessBase"]
[PlyCount "109"]
[EventDate "2020.01.20"]
[EventType "swiss"]
[EventRounds "10"]
[EventCountry "BRA"]
[SourceTitle "playchess.com"]
[Source "ChessBase"]
[SourceQuality "1"]
[TimeControl "5400+30"]

1. e4 c5 2. Nc3 d6 3. g3 Nc6 4. Bg2 g6 5. d3 Bg7 6. Be3 e6 7. Qd2 Nd4 8. Nd1 Ne7 9. c3 Ndc6 10. Bh6 Bf6 11. Ne2 Qb6 12. O-O Rg8 13. Be3 h5 14. d4 cxd4 15. cxd4 d5 16. Ndc3 Qd8 17. Rfe1 Kf8 18. exd5 Nxd5 19. Nxd5 exd5 20. Bh6+ Bg7 21. Bxg7+ Kxg7 22. Nf4 Qf6 23. Nxd5 Qxd4 24. Qxd4+ Nxd4 25. Ne7 Rd8 26. Nxc8 Raxc8 27. Re7 b5 28. Rxa7 Rc2 29. b3 Ne2+ 30. Kh1 Nc3 31. a4 Rdd2 32. Rf1 Ra2 33. a5 Nd1 34. Bc6 Nxf2+ 35. Kg2 Ng4+ 36. Kg1 Ne5 37. Be4 Rxh2 38. Re7 Ng4 39. Rfxf7+ Kh6 40. Re6 Ra1+ 41. Rf1 Rxf1+ 42. Kxf1 h4 43. Rxg6+ Kh5 44. gxh4 Kxh4 45. a6 Ra2 46. Rg7 Rxa6 47. Ke2 Ra2+ 48. Kd3 Nf2+ 49. Ke3 Nxe4 50. Kxe4 Rb2 51. Kf4 Rf2+ 52. Ke3 Rb2 53. Kf4 Rf2+ 54. Ke3 Rb2 55. Kf4 1/2-1/2

[Event "VI Floripa Open 2020"]
[Site "Florianopolis"]
[Date "2020.01.21"]
[Round "3.50"]
[White "Bueno, Alfeu Junior Varela"]
[Black "Kanzler, Karina Daniela Ferre"]
[Result "1-0"]
[ECO "C28"]
[WhiteElo "2139"]
[BlackElo "1867"]
[Annotator "ChessBase"]
[PlyCount "58"]
[EventDate "2020.01.20"]
[EventType "swiss"]
[EventRounds "10"]
[EventCountry "BRA"]
[SourceTitle "playchess.com"]
[Source "ChessBase"]
[SourceQuality "1"]
[TimeControl "5400+30"]

1. e4 e5 2. Nc3 Nc6 3. Bc4 Nf6 4. d3 Be7 5. f4 d6 6. Nf3 Bg4 7. h3 Bxf3 8. Qxf3 Nd4 9. Qf2 O-O 10. Be3 Nh5 11. h4 Ne6 12. f5 Nd4 13. O-O-O b5 14. Nxb5 Nxb5 15. Bxb5 c5 16. g4 Nf6 17. Qf3 Qb6 18. Bc4 Rab8 19. Bb3 a5 20. a4 Nd7 21. g5 Qb7 22. f6 Bd8 23. Rhf1 c4 24. Bxc4 Qxb2+ 25. Kd2 Nb6 26. Bxb6 Qxb6 27. Qh5 Rb7 28. fxg7 Kxg7 29. Qh6+ Kg8 1-0

[Event "VI Floripa Open 2020"]
[Site "Florianopolis"]
[Date "2020.01.21"]
[Round "3.51"]
[White "Filho, Marcelo Adriano Nune"]
[Black "Ribeiro, Matheus Mendes Domin"]
[Result "0-1"]
[ECO "C01"]
[WhiteElo "1862"]
[BlackElo "2139"]
[Annotator "ChessBase"]
[PlyCount "50"]
[EventDate "2020.01.20"]
[EventType "swiss"]
[EventRounds "10"]
[EventCountry "BRA"]
[SourceTitle "playchess.com"]
[Source "ChessBase"]
[SourceQuality "1"]
[TimeControl "5400+30"]

1. e4 e6 2. d4 d5 3. exd5 exd5 4. Nf3 Nf6 5. h3 Bd6 6. Bd3 O-O 7. O-O Nbd7 8. Nc3 c6 9. Ne2 Re8 10. Bf4 Nf8 11. Bxd6 Qxd6 12. c3 Ne4 13. Qc2 Ng6 14. c4 Qf6 15. Ng3 Bxh3 16. Nxe4 dxe4 17. Bxe4 Bg4 18. d5 cxd5 19. Bxd5 Nf4 20. Be4 Qh6 21. Nd4 Rad8 22. Bd5 Qf6 23. Nf3 Ne2+ 24. Kh1 Bxf3 25. gxf3 Qh4+ 0-1

[Event "VI Floripa Open 2020"]
[Site "Florianopolis"]
[Date "2020.01.21"]
[Round "3.52"]
[White "Moura, Eduardo Eugenio Chav"]
[Black "Silva, Janderson Rossi Da"]
[Result "1-0"]
[ECO "B21"]
[WhiteElo "2138"]
[BlackElo "1863"]
[Annotator "ChessBase"]
[PlyCount "59"]
[EventDate "2020.01.20"]
[EventType "swiss"]
[EventRounds "10"]
[EventCountry "BRA"]
[SourceTitle "playchess.com"]
[Source "ChessBase"]
[SourceQuality "1"]
[TimeControl "5400+30"]

1. e4 c5 2. d4 cxd4 3. c3 dxc3 4. Nxc3 Nc6 5. Nf3 d6 6. Bc4 Nf6 7. e5 Nxe5 8. Nxe5 dxe5 9. Bxf7+ Kxf7 10. Qxd8 e6 11. O-O Rg8 12. Qc7+ Be7 13. Qxe5 Bd7 14. Be3 Bc6 15. Rfe1 Rge8 16. Bc5 Bxc5 17. Qxc5 a6 18. Rad1 Rad8 19. Rxd8 Rxd8 20. Rd1 Rxd1+ 21. Nxd1 Nd5 22. Ne3 Nxe3 23. fxe3 g6 24. g4 h6 25. h4 Ke8 26. Qd6 Kf7 27. g5 hxg5 28. hxg5 Bd5 29. a3 Bc6 30. Kf2 1-0

[Event "VI Floripa Open 2020"]
[Site "Florianopolis"]
[Date "2020.01.21"]
[Round "3.53"]
[White "Silva, Kaua Marques"]
[Black "Do Amaral, Gabriel Barbosa"]
[Result "1-0"]
[ECO "B15"]
[WhiteElo "2136"]
[BlackElo "1861"]
[Annotator "ChessBase"]
[PlyCount "81"]
[EventDate "2020.01.20"]
[EventType "swiss"]
[EventRounds "10"]
[EventCountry "BRA"]
[SourceTitle "playchess.com"]
[Source "ChessBase"]
[SourceQuality "1"]
[TimeControl "5400+30"]

1. e4 c6 2. d4 d5 3. Nd2 dxe4 4. Nxe4 Nf6 5. Nxf6+ exf6 6. c3 Bd6 7. Bd3 O-O 8. Qc2 Re8+ 9. Ne2 h6 10. Be3 Be6 11. c4 Nd7 12. O-O-O b5 13. Kb1 bxc4 14. Bxc4 Bxc4 15. Qxc4 Qc7 16. Rc1 Rec8 17. Ng3 Qa5 18. Ne4 Be7 19. Qc2 Rab8 20. Bf4 Ba3 21. Bxb8 Rxb8 22. b3 Bxc1 23. Rxc1 Qd5 24. f3 a5 25. Qc4 Nf8 26. Qxd5 cxd5 27. Nc3 Ne6 28. Nxd5 a4 29. Ne7+ Kf8 30. Nc6 Rb5 31. Kb2 axb3 32. axb3 Ke8 33. Rc4 Kd7 34. Nb4 Nf4 35. g3 Nd5 36. Nxd5 Rxd5 37. Kc3 Rf5 38. f4 g5 39. Rc5 Rxc5+ 40. dxc5 Kc6 41. Kc4 1-0

[Event "VI Floripa Open 2020"]
[Site "Florianopolis"]
[Date "2020.01.21"]
[Round "3.54"]
[White "Torres, Eduardo Lisboa"]
[Black "Calcado, Acyr Rogerio"]
[Result "1/2-1/2"]
[ECO "E40"]
[WhiteElo "1850"]
[BlackElo "2132"]
[Annotator "ChessBase"]
[PlyCount "65"]
[EventDate "2020.01.20"]
[EventType "swiss"]
[EventRounds "10"]
[EventCountry "BRA"]
[SourceTitle "playchess.com"]
[Source "ChessBase"]
[SourceQuality "1"]
[TimeControl "5400+30"]

1. d4 d5 2. c4 e6 3. Nc3 Bb4 4. e3 Nf6 5. Nge2 dxc4 6. a3 Be7 7. Ng3 c5 8. dxc5 Qxd1+ 9. Nxd1 Bxc5 10. Bxc4 O-O 11. b4 Be7 12. Bb2 Nbd7 13. Nc3 Nb6 14. Be2 Bd7 15. O-O Rac8 16. Rac1 Nc4 17. Bxc4 Rxc4 18. Nce4 Rxc1 19. Rxc1 Nxe4 20. Nxe4 Bc6 21. Nc3 Rd8 22. Rd1 Rxd1+ 23. Nxd1 f5 24. Bd4 a6 25. f3 a5 26. Bc3 g5 27. Nb2 Bb5 28. a4 axb4 29. Bxb4 Bf6 30. axb5 Bxb2 31. h3 g4 32. fxg4 fxg4 33. hxg4 1/2-1/2

[Event "VI Floripa Open 2020"]
[Site "Florianopolis"]
[Date "2020.01.21"]
[Round "3.55"]
[White "Fiaes, Mario Henrique Andra"]
[Black "Ulrich, Henning"]
[Result "1-0"]
[ECO "E73"]
[WhiteElo "2126"]
[BlackElo "1855"]
[Annotator "ChessBase"]
[PlyCount "63"]
[EventDate "2020.01.20"]
[EventType "swiss"]
[EventRounds "10"]
[EventCountry "BRA"]
[SourceTitle "playchess.com"]
[Source "ChessBase"]
[SourceQuality "1"]
[TimeControl "5400+30"]

1. d4 Nf6 2. c4 g6 3. Nc3 Bg7 4. e4 d6 5. Be2 Nbd7 6. Be3 O-O 7. g4 e5 8. d5 b6 9. g5 Ne8 10. h4 a5 11. Bg4 Nc5 12. Bxc8 Qxc8 13. Qe2 f5 14. gxf6 Nxf6 15. Bg5 Nh5 16. O-O-O a4 17. Be3 Rf7 18. Nh3 Qf8 19. Kb1 Re8 20. Qg4 Nf6 21. Qg2 Nh5 22. Ng5 Nf4 23. Qg4 Rf6 24. Rdg1 Nfd3 25. Nh3 Nf4 26. Qd1 Rd8 27. Nxf4 exf4 28. Bd4 Rf7 29. h5 Bxd4 30. hxg6 hxg6 31. Qxd4 Qg7 32. Rxg6 1-0

[Event "VI Floripa Open 2020"]
[Site "Florianopolis"]
[Date "2020.01.21"]
[Round "3.56"]
[White "De Borba, Gabriel"]
[Black "Asth, Antonio Luiz Braga"]
[Result "1-0"]
[ECO "C84"]
[WhiteElo "2124"]
[BlackElo "1852"]
[Annotator "ChessBase"]
[PlyCount "71"]
[EventDate "2020.01.20"]
[EventType "swiss"]
[EventRounds "10"]
[EventCountry "BRA"]
[SourceTitle "playchess.com"]
[Source "ChessBase"]
[SourceQuality "1"]
[TimeControl "5400+30"]

1. e4 e5 2. Nf3 Nc6 3. Bb5 d6 4. O-O a6 5. Ba4 Bg4 6. c3 Nf6 7. d3 Be7 8. Nbd2 Qd7 9. Re1 O-O 10. h3 Bh5 11. Nf1 h6 12. Ng3 Bg6 13. d4 b5 14. Bc2 Rad8 15. Qe2 exd4 16. cxd4 Ra8 17. e5 dxe5 18. Bxg6 fxg6 19. dxe5 Nh5 20. Nxh5 gxh5 21. Qe4 Nb4 22. a3 Nd5 23. Be3 Nxe3 24. Qxe3 c5 25. e6 Qc6 26. Rad1 Rad8 27. Rd7 Bf6 28. Red1 Rxd7 29. exd7 Rd8 30. Qd2 Kf7 31. Qf4 Kg8 32. Rd6 Qb7 33. Qe3 c4 34. Rxf6 Rxd7 35. Qe6+ Kh7 36. Qf5+ 1-0

[Event "VI Floripa Open 2020"]
[Site "Florianopolis"]
[Date "2020.01.21"]
[Round "3.57"]
[White "De Freitas, Julio Eimard"]
[Black "Nery Junior, Jose Antonio"]
[Result "0-1"]
[ECO "D02"]
[WhiteElo "1834"]
[BlackElo "2121"]
[Annotator "ChessBase"]
[PlyCount "104"]
[EventDate "2020.01.20"]
[EventType "swiss"]
[EventRounds "10"]
[EventCountry "BRA"]
[SourceTitle "playchess.com"]
[Source "ChessBase"]
[SourceQuality "1"]
[TimeControl "5400+30"]

1. d4 Nf6 2. Nf3 c5 3. c3 d5 4. Bf4 Nc6 5. e3 Qb6 6. Qb3 c4 7. Qc2 Bf5 8. Qc1 h6 9. h3 e6 10. Nbd2 Qd8 11. b3 b5 12. a4 a6 13. Be2 Be7 14. O-O O-O 15. axb5 axb5 16. bxc4 bxc4 17. Ne5 Nxe5 18. Bxe5 Nd7 19. g4 Nxe5 20. dxe5 Bg6 21. Nf3 Qc7 22. Nd4 Qxe5 23. Rxa8 Rxa8 24. f4 Qc7 25. Qe1 e5 26. f5 Bh7 27. Qg3 Bc5 28. Rb1 Re8 29. Bf3 Qd7 30. Nc2 Kf8 31. Rd1 e4 32. Be2 Qc6 33. Rb1 Bd6 34. Nd4 Qc7 35. Qg2 Be5 36. Rb5 Qd7 37. Rc5 Ra8 38. Bf1 Ra1 39. Qb2 Bxd4 40. exd4 Ra8 41. Qh2 Rc8 42. Qe5 Rd8 43. Rc7 Qd6 44. Rc8 Bg8 45. Rxd8+ Qxd8 46. Kg2 f6 47. Qf4 Qa5 48. Qe3 Bf7 49. Qc1 Qc7 50. Be2 Be8 51. h4 Ba4 52. Qe1 Kf7 {ilegivel} 0-1

[Event "VI Floripa Open 2020"]
[Site "Florianopolis"]
[Date "2020.01.21"]
[Round "3.58"]
[White "Fajardo Freire, Joao Alfredo Cas"]
[Black "Reinaldo Dos Santos, Julio"]
[Result "1/2-1/2"]
[ECO "B40"]
[WhiteElo "2108"]
[BlackElo "1849"]
[Annotator "ChessBase"]
[PlyCount "118"]
[EventDate "2020.01.20"]
[EventType "swiss"]
[EventRounds "10"]
[EventCountry "BRA"]
[SourceTitle "playchess.com"]
[Source "ChessBase"]
[SourceQuality "1"]
[TimeControl "5400+30"]

1. e4 c5 2. Nf3 e6 3. b3 a6 4. Bb2 Nc6 5. c4 Nf6 6. e5 Ng4 7. h3 Nh6 8. Nc3 Be7 9. Bd3 O-O 10. O-O f6 11. Ne4 fxe5 12. Nxe5 Nxe5 13. Bxe5 d5 14. Ng3 Bf6 15. Qe2 Bxe5 16. Qxe5 Qf6 17. Qxf6 Rxf6 18. Rac1 b6 19. Be2 Nf5 20. Nxf5 Rxf5 21. d4 dxc4 22. Rxc4 cxd4 23. Rxd4 Rf8 24. Rc1 b5 25. Rc7 Rb8 26. Bg4 e5 27. Rd6 Bxg4 28. hxg4 Rf6 29. Rxf6 gxf6 30. Rc6 Kf7 31. Rxa6 b4 32. f3 Kg6 33. Kf2 Kg5 34. Ke3 Rc8 35. Rd6 Rc2 36. Rd2 Rc3+ 37. Ke4 Rc1 38. Ke3 Rc3+ 39. Kf2 h5 40. gxh5 Kxh5 41. Re2 Kg5 42. Kg3 Rc6 43. Re4 Rb6 44. Rc4 Kf5 45. Kf2 Rb8 46. Ke3 Ra8 47. g4+ Kg5 48. Rxb4 Rxa2 49. Rb8 Rb2 50. b4 Rb1 51. Ke4 Rb2 52. Rg8+ Kh4 53. Kf5 Rxb4 54. Kxf6 Rf4+ 55. Kxe5 Rxf3 56. g5 Kh5 57. g6 Kh6 58. g7 Kh7 59. Rf8 Rg3 1/2-1/2

[Event "VI Floripa Open 2020"]
[Site "Florianopolis"]
[Date "2020.01.21"]
[Round "3.59"]
[White "De Carvalho, Christopher"]
[Black "Lemos, Paulo Renato Bueno O"]
[Result "1-0"]
[ECO "A46"]
[WhiteElo "2100"]
[BlackElo "1842"]
[Annotator "ChessBase"]
[PlyCount "66"]
[EventDate "2020.01.20"]
[EventType "swiss"]
[EventRounds "10"]
[EventCountry "BRA"]
[SourceTitle "playchess.com"]
[Source "ChessBase"]
[SourceQuality "1"]
[TimeControl "5400+30"]

1. d4 Nf6 2. Nf3 e6 3. Bf4 Bd6 4. Bg3 b6 5. e3 Qe7 6. Nbd2 Ba6 7. c4 Bxg3 8. hxg3 Qb4 9. Qc2 Nc6 10. a3 Qe7 11. b4 Bb7 12. Bd3 d6 13. Nb3 a5 14. b5 Nb8 15. Rc1 a4 16. Nbd2 Nbd7 17. Ne4 Nxe4 18. Bxe4 d5 19. cxd5 exd5 20. Bf5 Rd8 21. Qxc7 Qxa3 22. O-O Bc8 23. Rc3 Qb2 24. Rc2 Qxb5 25. Ne5 O-O 26. Nc6 Ba6 27. Rfc1 Rb8 28. Bxd7 Rb7 29. Ne7+ Kh8 30. Bxb5 Rxc7 31. Rxc7 Bxb5 32. Rc8 Be8 33. Nxd5 b5 1-0

[Event "VI Floripa Open 2020"]
[Site "Florianopolis"]
[Date "2020.01.21"]
[Round "3.60"]
[White "Maia, Jose Eduardo Bastos "]
[Black "Maia, Jonathan Cesar"]
[Result "1-0"]
[ECO "D15"]
[WhiteElo "2070"]
[BlackElo "1834"]
[Annotator "NA"]
[PlyCount "27"]
[EventDate "2020.01.20"]
[EventType "swiss"]
[EventRounds "10"]
[EventCountry "BRA"]
[SourceTitle "playchess.com"]
[Source "ChessBase"]
[SourceQuality "1"]
[TimeControl "5400+30"]

1. d4 d5 2. c4 c6 3. Nf3 Nf6 4. Nc3 Bf5 5. cxd5 Nxd5 6. g3 Nxc3 7. bxc3 e6 8. Bg2 Be7 9. Ne5 h6 10. e4 Bh7 11. Rb1 Qc7 12. Qg4 Bf6 13. Nc4 g5 14. Rxb7 1-0

[Event "VI Floripa Open 2020"]
[Site "Florianopolis"]
[Date "2020.01.21"]
[Round "3.61"]
[White "Bernardes, Arthur Feliphe Strut"]
[Black "Manzi, Luiz Antonio Bardaro"]
[Result "1-0"]
[ECO "B07"]
[WhiteElo "1828"]
[BlackElo "2059"]
[Annotator "NA"]
[PlyCount "71"]
[EventDate "2020.01.20"]
[EventType "swiss"]
[EventRounds "10"]
[EventCountry "BRA"]
[SourceTitle "playchess.com"]
[Source "ChessBase"]
[SourceQuality "1"]
[TimeControl "5400+30"]

1. e4 Nf6 2. Nc3 d6 3. d4 g6 4. Bd3 Bg7 5. Nge2 e5 6. f3 O-O 7. Be3 Nc6 8. Qd2 Nd7 9. d5 Ne7 10. g4 c6 11. O-O-O cxd5 12. Nxd5 Nxd5 13. exd5 Nb6 14. Nc3 Bd7 15. h4 Rc8 16. h5 Rxc3 17. bxc3 Nxd5 18. Bc4 Nxe3 19. Qxe3 Qa5 20. hxg6 hxg6 21. Qe4 Rc8 22. Bb3 Qa3+ 23. Kd2 d5 24. Qxd5 Be6 25. Qxb7 e4 26. Qxe4 Bxc3+ 27. Ke2 Qa6+ 28. Qd3 Qb6 29. Qd6 Bxb3 30. axb3 Re8+ 31. Kf1 Re1+ 32. Kg2 Re2+ 33. Kh3 Qf2 34. Qg3 Qc5 35. Rd8+ Kg7 36. Qh4 1-0

[Event "VI Floripa Open 2020"]
[Site "Florianopolis"]
[Date "2020.01.21"]
[Round "3.62"]
[White "Campos, Alexandre Ferreira"]
[Black "Horisch, Juan Pablo"]
[Result "0-1"]
[ECO "D00"]
[WhiteElo "2056"]
[BlackElo "1824"]
[Annotator "NA"]
[PlyCount "78"]
[EventDate "2020.01.20"]
[EventType "swiss"]
[EventRounds "10"]
[EventCountry "BRA"]
[SourceTitle "playchess.com"]
[Source "ChessBase"]
[SourceQuality "1"]
[TimeControl "5400+30"]

1. d4 Nf6 2. Bf4 d5 3. e3 Bf5 4. Bd3 Bxd3 5. Qxd3 Nbd7 6. Nd2 e6 7. Ngf3 Be7 8. h3 O-O 9. O-O c5 10. c3 Rc8 11. Bh2 Qb6 12. Rab1 h6 13. Ne5 Nxe5 14. dxe5 Nd7 15. e4 c4 16. Qe2 Nc5 17. exd5 exd5 18. Kh1 Nd3 19. b3 Qa6 20. bxc4 dxc4 21. f4 b5 22. f5 f6 23. e6 Qc6 24. Ne4 a5 25. Bg1 b4 26. Bd4 Rcd8 27. Rbd1 Rxd4 28. cxd4 Qd5 29. Nf2 Nxf2+ 30. Rxf2 a4 31. Qf3 Qxf3 32. gxf3 Rc8 33. d5 Bd6 34. Re2 b3 35. e7 Kf7 36. Rde1 Ke8 37. Re6 Bg3 38. Rc6 Rxc6 39. dxc6 Bc7 0-1

[Event "VI Floripa Open 2020"]
[Site "Florianopolis"]
[Date "2020.01.21"]
[Round "3.63"]
[White "Do Nascimento, Christian Almeida"]
[Black "Bitencourt, Evandro Jose dos S"]
[Result "0-1"]
[ECO "D00"]
[WhiteElo "2054"]
[BlackElo "1819"]
[Annotator "NA"]
[PlyCount "55"]
[EventDate "2020.01.20"]
[EventType "swiss"]
[EventRounds "10"]
[EventCountry "BRA"]
[SourceTitle "playchess.com"]
[Source "ChessBase"]
[SourceQuality "1"]
[TimeControl "5400+30"]

1. d4 d5 2. e3 Nf6 3. Bd3 e6 4. f4 Bd6 5. Nf3 b6 6. O-O Ba6 7. Ne5 Bxd3 8. Qxd3 O-O 9. Bd2 Ne4 10. Be1 f6 11. Nf3 Nd7 12. Bh4 g5 13. fxg5 fxg5 14. Be1 g4 15. Nfd2 Rxf1+ 16. Nxf1 Qg5 17. Nbd2 Ndf6 18. Nxe4 Nxe4 19. g3 Qh5 20. Nd2 Ng5 21. e4 Nh3+ 22. Kg2 Rf8 23. e5 Be7 24. Nf1 Ng5 25. Bd2 Qh3+ 26. Kg1 Nf3+ 27. Kh1 Nxh2 28. Bf4 0-1

[Event "VI Floripa Open 2020"]
[Site "Florianopolis"]
[Date "2020.01.21"]
[Round "3.64"]
[White "Boabaid, Jorge Alberto Duarde"]
[Black "Takano, Nicholas Ryo"]
[Result "1/2-1/2"]
[ECO "E69"]
[WhiteElo "1823"]
[BlackElo "2041"]
[Annotator "NA"]
[PlyCount "90"]
[EventDate "2020.01.20"]
[EventType "swiss"]
[EventRounds "10"]
[EventCountry "BRA"]
[SourceTitle "playchess.com"]
[Source "ChessBase"]
[SourceQuality "1"]
[TimeControl "5400+30"]

1. d4 Nf6 2. c4 g6 3. Nf3 Bg7 4. g3 O-O 5. Bg2 d6 6. O-O Nbd7 7. Nc3 e5 8. e4 c6 9. h3 Qb6 10. c5 dxc5 11. dxe5 Ne8 12. Na4 Qb4 13. Bg5 b5 14. Nc3 Qxb2 15. Rc1 Nc7 16. Rc2 Qa3 17. Nb1 Qa5 18. Be7 Re8 19. Qd6 Qb6 20. Nbd2 c4 21. Rb1 c5 22. Nxc4 Qxd6 23. Bxd6 bxc4 24. Bxc7 Ba6 25. Rc3 Rac8 26. Bd6 Rc6 27. Ra3 Bh6 28. h4 f6 29. Bh3 Bc8 30. Bxd7 Bxd7 31. Rb7 Bc8 32. Rbxa7 fxe5 33. Re7 Rxe7 34. Bxe7 Ra6 35. Bxc5 Rxa3 36. Bxa3 Bb7 37. Bb2 Bxe4 38. Nxe5 Bd5 39. Bc3 Bg7 40. a4 Bxe5 41. Bxe5 Kf7 42. f4 Ke6 43. Kf2 Bc6 44. a5 Kd5 45. Ke3 h5 1/2-1/2

[Event "VI Floripa Open 2020"]
[Site "Florianopolis"]
[Date "2020.01.21"]
[Round "3.65"]
[White "Tomiello, Lucas Costamilan"]
[Black "Felix, Raimundo Nascimento"]
[Result "1-0"]
[ECO "C42"]
[WhiteElo "2039"]
[BlackElo "1813"]
[Annotator "NA"]
[PlyCount "83"]
[EventDate "2020.01.20"]
[EventType "swiss"]
[EventRounds "10"]
[EventCountry "BRA"]
[SourceTitle "playchess.com"]
[Source "ChessBase"]
[SourceQuality "1"]
[TimeControl "5400+30"]

1. e4 e5 2. Nf3 Nf6 3. Nxe5 d6 4. Nf3 Nxe4 5. Nc3 Nxc3 6. dxc3 Be7 7. Be3 Nc6 8. Qd2 Bg4 9. Be2 Qd7 10. O-O-O Ne5 11. Kb1 Nxf3 12. gxf3 Be6 13. Rhg1 Rg8 14. Qd4 Bf6 15. Qxf6 gxf6 16. Rxg8+ Ke7 17. Rxa8 a6 18. Bd3 Qa4 19. b3 Qc6 20. f4 Kd7 21. c4 f5 22. Rh8 Qf3 23. Rg1 Qh3 24. Rg7 h5 25. Rgh7 Qxh2 26. Rxh5 Qg1+ 27. Kb2 c5 28. Rg5 Qd1 29. Rh7 b5 30. cxb5 axb5 31. Bxf5 Kc6 32. Bxe6 fxe6 33. Rh6 c4 34. Rxe6 c3+ 35. Kxc3 Qa1+ 36. Kd2 Qxa2 37. Rgg6 Qa5+ 38. Ke2 Kd7 39. Rxd6+ Ke7 40. Ra6 Qc3 41. Rgc6 Qb2 42. Ra7+ 1-0

[Event "VI Floripa Open 2020"]
[Site "Florianopolis"]
[Date "2020.01.21"]
[Round "3.66"]
[White "Serafim Junior, Arnor"]
[Black "Soares, Joao Carlos T. C."]
[Result "0-1"]
[ECO "C00"]
[WhiteElo "1813"]
[BlackElo "2032"]
[Annotator "NA"]
[PlyCount "68"]
[EventDate "2020.01.20"]
[EventType "swiss"]
[EventRounds "10"]
[EventCountry "BRA"]
[SourceTitle "playchess.com"]
[Source "ChessBase"]
[SourceQuality "1"]
[TimeControl "5400+30"]

1. Nf3 Nf6 2. g3 e6 3. Bg2 d5 4. d3 Be7 5. O-O O-O 6. Nbd2 c5 7. e4 Nc6 8. Re1 Qc7 9. Qe2 b5 10. e5 Nd7 11. Nf1 a5 12. Bf4 b4 13. h4 Ba6 14. N1h2 c4 15. dxc4 dxc4 16. Qe4 Nc5 17. Qe3 b3 18. axb3 cxb3 19. Rec1 Rfd8 20. Ne1 Rab8 21. Ng4 Nd4 22. Nf6+ Kh8 23. Bf1 Bxf1 24. Kxf1 Qc6 25. Kg1 Nf5 26. Qc3 gxf6 27. exf6 Bd6 28. Rxa5 Bxf4 29. gxf4 Rg8+ 30. Kf1 Qh1+ 31. Ke2 Qe4+ 32. Kf1 Qxf4 33. Nd3 Ng3+ 34. Ke1 Qe4+ 0-1

[Event "VI Floripa Open 2020"]
[Site "Florianopolis"]
[Date "2020.01.21"]
[Round "3.67"]
[White "Cantarino Neto, Mario Ribeiro"]
[Black "Salvadego, Matheus Henrique De "]
[Result "0-1"]
[ECO "A00"]
[WhiteElo "2004"]
[BlackElo "1803"]
[Annotator "NA"]
[PlyCount "46"]
[EventDate "2020.01.20"]
[EventType "swiss"]
[EventRounds "10"]
[EventCountry "BRA"]
[SourceTitle "playchess.com"]
[Source "ChessBase"]
[SourceQuality "1"]
[TimeControl "5400+30"]

1. d4 Nf6 2. c4 g6 3. Nc3 d5 4. Nf3 Bg7 5. cxd5 Nxd5 6. e4 Nxc3 7. bxc3 c5 8. Rb1 O-O 9. Be2 Nc6 10. d5 Ne5 11. Nxe5 Bxe5 12. Qd2 e6 13. f4 Bc7 14. O-O Re8 15. Bb5 Re7 16. f5 exf5 17. exf5 Qd6 18. Qh6 Bxf5 19. Bg5 f6 20. Rxf5 fxg5 21. Rf2 c4 22. Kh1 Re4 23. g3 Qxd5 0-1

[Event "VI Floripa Open 2020"]
[Site "Florianopolis"]
[Date "2020.01.21"]
[Round "3.68"]
[White "Frattini, Beatriz Maria"]
[Black "Japiassu, Ricardo De Villa Nov"]
[Result "1-0"]
[ECO "A00"]
[WhiteElo "1809"]
[BlackElo "1994"]
[Annotator "NA"]
[PlyCount "38"]
[EventDate "2020.01.20"]
[EventType "swiss"]
[EventRounds "10"]
[EventCountry "BRA"]
[SourceTitle "playchess.com"]
[Source "ChessBase"]
[SourceQuality "1"]
[TimeControl "5400+30"]

1. e4 c5 2. Nf3 d6 3. d4 cxd4 4. Nxd4 Nf6 5. Nc3 g6 6. Be3 Bg7 7. Nf3 O-O 8. Bc4 Nc6 9. Bb3 Bd7 10. Qd2 Na5 11. O-O-O Rb8 12. Kb1 b5 13. Bh6 Bxh6 14. Qxh6 Nxb3 15. axb3 e5 16. Nd5 Nxd5 17. Rxd5 Rb6 18. h4 Be6 19. h5 g5 1-0